 Dungeon Crawl Stone Soup version bcrawl-1.28.1b (webtiles) character file.

Game seed: 16215922320063554189

113143 Morbidden the Sneak (level 4, 0/36 HPs)
             Began as a Hill Orc Archaeologist on Dec 31, 2020.
             Succumbed to Ijyb's poison
             ... on level 3 of the Dungeon.
             The game lasted 00:03:54 (2194 turns).

Morbidden the Sneak (Hill Orc Archaeologist)        Turns: 2194, Time: 00:03:55

Health: 0/36       AC:  6    Str: 19    XL:     4   Next: 40%
Magic:  4/4        EV: 13    Int: 14    God:
Gold:   133        SH:  0    Dex:  9    Spells: 3/3 levels left

rFire    . . .     SeeInvis .   a - +1 whip
rCold    . . .     Gourm    .   (no shield)
rNeg     . . .     Faith    .   b - +1 robe
rPois    .         Spirit   .   c - +1 hat
rElec    .         Reflect  .   (no cloak)
rCorr    .         Harm     .   (no gloves)
MR       .....                  d - +1 pair of boots
Stlth    ++........             (no amulet)
HPRegen  0.12/turn              (no ring)
MPRegen  0.09/turn              (no ring)

@: mighty, lethally poisoned (0 -> -31)
A: no striking features
a: no special abilities


You were on level 3 of the Dungeon.
You were hungry.

You visited 1 branch of the dungeon, and saw 3 of its levels.

You collected 133 gold pieces.

Inventory:

Hand Weapons
 a - a +1 whip (weapon)
Armour
 b - a +1 robe (worn)
 c - a +1 hat (worn)
 d - a +1 pair of boots (worn)
 o - a +0 large shield
Scrolls
 g - a scroll of magic mapping
 i - a scroll of enchant weapon
 l - 2 scrolls of teleportation
 n - a scroll of remove curse {unknown}
Potions
 h - a potion of resistance
 j - a potion of mutation
Miscellaneous
 f - a dusty tome
Comestibles
 e - 2 rations {!d}
 q - 4 chunks of flesh


   Skills:
 * Level 2.2 Fighting
   Level 2.2 Short Blades
   Level 2.2 Long Blades
   Level 2.2 Axes
   Level 2.2 Maces & Flails
   Level 2.2 Polearms
   Level 2.2 Staves
 * Level 0.4 Armour
 + Level 3.1 Dodging
 + Level 3.4 Stealth
 * Level 0.4 Shields
   Level 2.2 Unarmed Combat


You had 3 spell levels left.
You didn't know any spells.
Your spell library was empty.

Dungeon Overview and Level Annotations

Branches:
Dungeon (3/12)

Altars:
Ru

Annotations:
D:3 1 runed door


Message History

You feel very sick.
Ijyb hits you with a +2 dagger of venom.
* * * LOW HITPOINT WARNING * * *
You are more poisoned.
You hit Ijyb.
You kill Ijyb!
* * * LOW HITPOINT WARNING * * *
You feel very sick.
You have reached level 4!
You barely miss the orc.
* * * LOW HITPOINT WARNING * * *
You feel sick. The orc hits you but does no damage.
You are feeling hungry.
You hit the orc.
The orc is almost dead.
* * * LOW HITPOINT WARNING * * *
You feel very sick.
You hit the orc.
You kill the orc!
You die...

............# ......#####.#
......# #o# #.# ### ##.##.# #.#
#.. ... ..# ......# ##.## #.# #.#
#.# ##.#### ##...## #.# #.# #.#
##'## #.....#####.###.###.# #...##
#......).##.# ... #.# .....##
#.....##@##.# #.###.# #
......####...###.##.###.##..# ##
.......####...##.##.......(.####.
.......'.......................'.
....รท..####......######.....####.
......## ##.#.### #.....# ##
.....## ###.# #.....# # #...## #.#
###.### ##'## #.# #.#


There were no monsters in sight!

Vanquished Creatures
  Ijyb (D:3)
  An adder (D:3)
  A dart slug (D:2)
  3 leopard geckos
  2 orcs
  A ball python (D:3)
  6 bats
  A giant cockroach (D:2)
  2 goblins
  10 hobgoblins
  A jackal (D:1)
  A kobold (D:1)
  A quokka (D:3)
  4 frilled lizards
  2 rats
37 creatures vanquished.

Notes
Turn   | Place    | Note
-------+----------+-------------------------------------------
     0 | D:1      | Morbidden the Hill Orc Archaeologist began the quest for
                  | the Orb.
     0 | D:1      | Reached XP level 1. HP: 16/16 MP: 1/1
   256 | D:1      | Reached XP level 2. HP: 23/24 MP: 2/2
   806 | D:2      | Reached XP level 3. HP: 10/29 MP: 3/3
  1363 | D:2      | Found a sacrificial altar of Ru.
  1369 | D:2      | Found a faded altar of an unknown god.
  1564 | D:3      | Found a runed door.
  2011 | D:3      | Noticed Ijyb
  2191 | D:3      | Killed Ijyb
  2192 | D:3      | Reached XP level 4. HP: 7/36 MP: 4/4
  2194 | D:3      | Succumbed to Ijyb's poison

Skill      XL: |  1  2  3 |
---------------+----------+-----
Stealth        | 3 |  3.4
Fighting       | 2 |  2.2
Dodging        | 3 |  3.1
Short Blades   | |  2.2
Long Blades    | |  2.2
Axes           | |  2.2
Maces & Flails | |  2.2
Polearms       | |  2.2
Staves         | |  2.2
Armour         | |  0.4
Shields        | |  0.4
Unarmed Combat | |  2.2

Action                   |  1- 3 |  4- 6 || total
-------------------------+-------+-------++-------
Melee: Whip              |   198 |     3 ||   201
       Unarmed           |     3 |       ||     3
       Punch             |     1 |       ||     1
  Use: Scroll            |     6 |       ||     6
       Potion            |     2 |       ||     2
 Stab: Sleeping          |    11 |       ||    11
       Distracted        |     1 |       ||     1
  Eat: Chunk             |     9 |       ||     9
Armor: Robe              |    57 |     1 ||    58
       Skin              |     7 |       ||     7
Dodge: Dodged            |   124 |       ||   124
Block: Large shield      |    11 |       ||    11
